 Dungeon Crawl Stone Soup version 0.31-a0-4-gefa6de2278 (webtiles) character file.

Game seed: 10528860695339459762

1259 Ijustatesigmund the Conjurer (level 8, 0/58 HPs)
             Began as a Gnoll Conjurer on May 4, 2023.
             Slain by Pikel
             ... wielding a +1 whip of flaming
              (3 damage)
             ... on level 4 of the Dungeon.
             The game lasted 00:12:51 (6770 turns).

Ijustatesigmund the Conjurer (Gnoll Conjurer)       Turns: 6770, Time: 00:12:52

Health: 0/58       AC:  9    Str:  6 (8)  XL:     8   Next: 51%
Magic:  1/17       EV: 13    Int: 17 (19) God:
Gold:   227        SH:  0    Dex:  8 (10) Spells: 12/19 levels left

rFire   . . .        d - +0 war axe
rCold   . . .        (no shield)
rNeg    . . .        a - +0 robe
rPois   .            i - +2 hat
rElec   .            (no cloak)
rCorr   .            o - +0 pair of gloves
SInv    .            (no boots)
Will    +....        (no amulet)
Stlth   +++          n - ring of willpower
HPRegen 0.29/turn    t - +4 ring of protection
MPRegen 0.15/turn

%: no passive effects
@: no status effects
A: fangs 1, strong nose, distributed training
a: no special abilities


You were on level 4 of the Dungeon.
You visited 2 branches of the dungeon, and saw 6 of its levels.
You also visited: Sewer.

You collected 227 gold pieces.

Inventory:

Hand Weapons
 d - a +0 war axe (weapon)
Armour
 a - a +0 robe (worn)
 i - a +2 hat (worn)
 o - a +0 pair of gloves (worn)
Jewellery
 n - a ring of willpower (left hand)
 t - a +4 ring of protection (right hand)
 u - a ring of see invisible
Wands
 x - a wand of roots (7)
Scrolls
 c - a scroll of poison
 f - a scroll of blinking
 h - 3 scrolls of noise
 k - a scroll of teleportation
Potions
 b - 2 potions of magic
 e - a potion of berserk rage {unknown}
 g - a potion of flight {unknown}
 j - 5 potions of mutation {unknown}
 l - a potion of cancellation {unknown}
 m - 2 potions of attraction {unknown}
 p - 2 potions of haste {unknown}
 q - a potion of brilliance {unknown}
 r - 3 potions of invisibility {unknown}
 s - 2 potions of degeneration
 v - a potion of ambrosia {unknown}
 w - a potion of curing


   Skills:
 + Level 3.4 Fighting
 + Level 3.4 Short Blades
 + Level 3.4 Long Blades
 + Level 3.4 Axes
 + Level 3.4 Maces & Flails
 + Level 3.4 Polearms
 + Level 3.4 Staves
 + Level 3.4 Ranged Weapons
 + Level 3.4 Throwing
 + Level 3.4 Armour
 + Level 5.8 Dodging
 + Level 5.5 Stealth
 + Level 3.4 Shields
 + Level 3.4 Unarmed Combat
 + Level 6.1 Spellcasting
 + Level 7.7 Conjurations
 + Level 2.8 Hexes
 + Level 2.8 Summonings
 + Level 2.8 Necromancy
 + Level 2.8 Translocations
 + Level 2.8 Transmutations
 + Level 2.8 Fire Magic
 + Level 2.8 Ice Magic
 + Level 2.8 Air Magic
 + Level 2.8 Earth Magic
 + Level 2.8 Poison Magic
 + Level 3.8 Invocations
 + Level 3.4 Evocations


You had 12 spell levels left.
You knew the following spells:

 Your Spells              Type           Power      Damage    Failure   Level
a - Magic Dart            Conj           100%       1d8       1%          1
b - Searing Ray           Conj           62%        2d6       1%          2
c - Iskenderun's Mystic   Conj/Tloc      23%        2d6       14%         4

Your spell library contained the following spells:

 Spells                   Type           Power      Damage    Failure   Level
 Apportation              Tloc           28%        N/A       4%          1
 Freeze                   Ice            56%        1d7       4%          1
 Necrotise                Necr           56%        1d6       4%          1
 Sting                    Tmut/Pois      56%        1d5       4%          1
 Summon Small Mammal      Summ           56%        N/A       4%          1
 Dazzling Flash           Conj/Hex       46%        N/A       4%          3
 Hailstorm                Conj/Ice       23%        3d7       4%          3
 Poisonous Vapours        Pois/Air       28%        N/A       6%          2
 Frozen Ramparts          Ice            28%        1d5       12%         3
 Ozocubu's Armour         Ice            14%        N/A       12%         3
 Fulminant Prism          Conj/Hex       11%        3d9       14%         4
 Olgreb's Toxic Radiance  Pois           14%        N/A       36%         4
 Metabolic Englaciation   Hex/Ice        7%         N/A       73%         5
 Simulacrum               Ice/Necr       7%         N/A       99%         6


Dungeon Overview and Level Annotations

Branches:
Dungeon (5/15)             Temple (1/1) D:4           Sewer (visited)

Altars:
Ashenzari
Cheibriados
Dithmenos
Elyvilon
Fedhas
Hepliaklqana
Kikubaaqudgha
Makhleb
Nemelex Xobeh
Okawaru
Ru
Sif Muna
Trog
Uskayaw
Vehumet
Wu Jian
Xom
Yredelemnul
Zin
The Shining One

Annotations:
D:4 Pikel


Innate Abilities, Weirdness & Mutations

You have very sharp teeth.
Your uncanny sense of smell can sniff out nearby items.
Your experience applies equally to all skills.


Message History

Pikel hits you with a +1 whip of flaming.
Pikel burns you.
The searing ray hits Pikel.
Pikel is severely wounded.
Pikel hits you but does no damage.
You barely miss Pikel. Your bite misses Pikel.
Pikel is severely wounded.
Pikel hits you with a +1 whip of flaming.
Pikel burns you.
You hit Pikel but do no damage.
Pikel is severely wounded.
Pikel hits you but does no damage.
You hit Pikel.
Pikel is almost dead.
Pikel hits you with a +1 whip of flaming.
Pikel burns you.
Pikel hits you with a +1 whip of flaming.
* * * LOW HITPOINT WARNING * * *
Pikel burns you.
* * * LOW HITPOINT WARNING * * *
It was a potion of degeneration.
There was something very wrong with that liquid.
You feel weakened.
You feel dopey.
You feel clumsy. Pikel closely misses you.
You hit Pikel.
Pikel is almost dead.
Pikel hits you with a +1 whip of flaming.
* * * LOW HITPOINT WARNING * * *
Pikel burns you.
* * * LOW HITPOINT WARNING * * *
You miss Pikel.
Pikel is almost dead.
Pikel hits you with a +1 whip of flaming.
* * * LOW HITPOINT WARNING * * *
Pikel burns you.
* * * LOW HITPOINT WARNING * * *
Pikel hits you with a +1 whip of flaming.
* * * LOW HITPOINT WARNING * * *
Pikel burns you.
You die...

#...##8###8#.#.# #.........###.#
##............#.# #.#.......# #.#
#⌠..............# #.###...#####.#
##............### #.# #...#......
#...##8###8### #.# ##.##.###.#
##...##############.###...#.# #.#
#8...8#.##.#.....##.........# #.#
##...##.##.#...>.##.###.....# #.#
#...##.##......@K.......#..# #.#
##...##.####.....#########<.###.#
#8...8#.# #.....# #...(.<#
##..)##.# ####### #..#####
#...##.# #....... #......#
######...#### ######.# #..~~§...#
#.# #.~~§§~..# #.# #~~§~~§§.#


You could see Pikel.

Vanquished Creatures
  3 ogres
  A phantom (D:4)
  2 lemures (D:4)
  5 scorpions
  4 jellies
  2 orc priests
  A sleepcap (D:5)
  An iguana (D:4)
  2 orc wizards (D:5)
  Robin (D:4)
  6 gnolls
  8 adders
  6 river rats
  A white imp (D:4)
  An ufetubus (D:5)
  3 worms
  7 dart slugs
  11 orcs
  9 ball pythons
  15 endoplasms
  4 giant cockroaches
  15 goblins
  10 hobgoblins
  4 jackals (D:1)
  11 kobolds
  4 quokkas
  7 bats
  6 frilled lizards
  4 rats
154 creatures vanquished.

Notes
Turn   | Place    | Note
-------+----------+-------------------------------------------
     0 | D:1      | Ijustatesigmund the Gnoll Conjurer began the quest for the
                  | Orb.
     0 | D:1      | Reached XP level 1. HP: 13/13 MP: 6/6
   116 | D:1      | Reached XP level 2. HP: 19/19 MP: 3/7
   129 | D:1      | Learned a level 2 spell: Searing Ray
   310 | D:1      | Reached skill level 5 in Spellcasting
   310 | D:1      | Reached XP level 3. HP: 12/25 MP: 0/9
   651 | D:1      | Reached skill level 1 in Invocations
   667 | D:1      | Reached skill level 1 in Fighting
   667 | D:1      | Reached skill level 1 in Short Blades
   667 | D:1      | Reached skill level 1 in Long Blades
   667 | D:1      | Reached skill level 1 in Axes
   667 | D:1      | Reached skill level 1 in Maces & Flails
   667 | D:1      | Reached skill level 1 in Polearms
   667 | D:1      | Reached skill level 1 in Staves
   667 | D:1      | Reached skill level 1 in Ranged Weapons
   667 | D:1      | Reached skill level 1 in Throwing
   667 | D:1      | Reached skill level 1 in Armour
   667 | D:1      | Reached skill level 1 in Shields
   667 | D:1      | Reached skill level 1 in Unarmed Combat
   667 | D:1      | Reached skill level 1 in Evocations
  1089 | D:2      | Reached XP level 4. HP: 32/32 MP: 6/11
  1458 | D:2      | Learned a level 4 spell: Iskenderun's Mystic Blast
  1526 | D:2      | Reached skill level 1 in Hexes
  1526 | D:2      | Reached skill level 1 in Summonings
  1526 | D:2      | Reached skill level 1 in Necromancy
  1526 | D:2      | Reached skill level 1 in Translocations
  1526 | D:2      | Reached skill level 1 in Transmutations
  1526 | D:2      | Reached skill level 1 in Fire Magic
  1526 | D:2      | Reached skill level 1 in Ice Magic
  1526 | D:2      | Reached skill level 1 in Air Magic
  1526 | D:2      | Reached skill level 1 in Earth Magic
  1526 | D:2      | Reached skill level 1 in Poison Magic
  2429 | D:3      | Reached XP level 5. HP: 37/37 MP: 8/12
  2934 | D:4      | Noticed a phantom
  2950 | D:4      | Killed a phantom
  2951 | D:4      | Reached XP level 6. HP: 19/44 MP: 4/13
  3053 | D:4      | Reached skill level 5 in Dodging
  3325 | D:4      | Found a staircase to the Ecumenical Temple.
  3339 | Temple   | Entered the Ecumenical Temple
  3696 | D:4      | Reached XP level 7. HP: 50/50 MP: 8/15
  3877 | D:4      | Noticed Robin
  3889 | D:4      | Killed Robin
  4108 | D:4      | Found a glowing golden altar of the Shining One.
  4761 | D:5      | Entered Level 5 of the Dungeon
  4781 | D:5      | Reached skill level 5 in Stealth
  4899 | D:5      | Found a glowing drain.
  4906 | Sewer    | Entered a sewer
  5132 | Sewer    | Reached XP level 8. HP: 58/58 MP: 9/16
  5569 | Sewer    | Found a viscous altar of Jiyva.
  5998 | D:5      | Noticed Pikel
  6770 | D:4      | Slain by Pikel

Illustrated notes

Levels and vault maps discovered:
D:1:      saegor_arrival_simple_e, layout_rooms
D:2:      minmay_skewed_foursquare, layout_basic
D:3:      layout_rooms
D:4:      layout_loops_ring, tso_oasis_becter, minmay_temple_entry_mist,
          corexii_hall_statues_t, uniq_robin
D:5:      layout_cave_pools, lightli_sewer_entry_pipes, uniq_pikel
Temple:   compressed_dpeg_triangle_lava_temple

Skill      XL: |  1  2  3  4  5  6  7  8 |
---------------+-------------------------+-----
Spellcasting   | 5 6 |  6.1
Invocations    | 1 2 3 |  3.8
Fighting       | 1 2 3 |  3.4
Short Blades   | 1 2 3 |  3.4
Long Blades    | 1 2 3 |  3.4
Axes           | 1 2 3 |  3.4
Maces & Flails | 1 2 3 |  3.4
Polearms       | 1 2 3 |  3.4
Staves         | 1 2 3 |  3.4
Ranged Weapons | 1 2 3 |  3.4
Throwing       | 1 2 3 |  3.4
Armour         | 1 2 3 |  3.4
Shields        | 1 2 3 |  3.4
Unarmed Combat | 1 2 3 |  3.4
Evocations     | 1 2 3 |  3.4
Hexes          | 1 2 |  2.8
Summonings     | 1 2 |  2.8
Necromancy     | 1 2 |  2.8
Translocations | 1 2 |  2.8
Transmutations | 1 2 |  2.8
Fire Magic     | 1 2 |  2.8
Ice Magic      | 1 2 |  2.8
Air Magic      | 1 2 |  2.8
Earth Magic    | 1 2 |  2.8
Poison Magic   | 1 2 |  2.8
Dodging        | 5 |  5.8
Stealth        | 5 |  5.5
Conjurations   | |  7.7

Action                     |  1- 3 |  4- 6 |  7- 9 || total
---------------------------+-------+-------+-------++-------
  Melee: Short sword       |    13 |     2 |       ||    15
         War axe           |       |    16 |   131 ||   147
         Bite              |       |     2 |    11 ||    13
         Punch             |       |       |     4 ||     4
   Cast: Magic Dart        |    52 |    75 |    60 ||   187
         Searing Ray       |       |     9 |     8 ||    17
         Iskenderun's Myst |       |     4 |    18 ||    22
    Use: Scroll            |       |     7 |     1 ||     8
         Potion            |       |     2 |     4 ||     6
   Stab: Sleeping          |       |     1 |     3 ||     4
 Armour: Robe              |     4 |     6 |    71 ||    81
  Dodge: Dodged            |    11 |    17 |   117 ||   145

Table legend: (Time is in decaauts)
 A = Elapsed time spent in this place.
 B = Non-inter-level travel time spent in this place.
 C = Inter-level travel time spent in this place.
 D = Time resting spent in this place.
 E = Time spent auto-exploring this place.
 F = Levels seen in this place.
 G = Mean time per level.
                   A        B        C        D        E       F      G
               +--------+--------+--------+--------+--------+-----+--------+
         Total |   6888 |   6763 |    125 |   2166 |   3623 |   7 |  984.0 |
       Dungeon |   5734 |   5625 |    109 |   1896 |   2893 |   5 | 1146.8 |
        Temple |    350 |    334 |     16 |     23 |    289 |   1 |  350.0 |
         Sewer |    803 |    803 |      0 |    247 |    441 |   1 |  803.0 |
               +--------+--------+--------+--------+--------+-----+--------+

Top non-repeatable levels by time:
     D:4: 1689 daAuts
     D:2: 1345 daAuts
     D:1: 1045 daAuts
     D:5: 934 daAuts
   Sewer: 803 daAuts
     D:3: 720 daAuts
  Temple: 350 daAuts
